 Dungeon Crawl Stone Soup version 0.21-a0-504-g2eda330 (webtiles) character file.

11870 Roak the Nimble (level 11, -9/86 HPs)
             Began as a Gnoll Gladiator on Nov 26, 2017.
             Was a High Priest of Okawaru.
             Mangled by a komodo dragon (19 damage)
             ... on level 2 of the Lair of Beasts.
             The game lasted 01:07:16 (9507 turns).

Roak the Nimble (Gnoll Gladiator)                   Turns: 9507, Time: 01:07:17

Health: -9/86      AC: 25    Str: 23    XL:     11   Next: 84%
Magic:  20/20      EV: 16    Int:  8    God:    Okawaru [*****.]
Gold:   745        SH:  0    Dex: 19    Spells: 23/23 levels left

rFire    . . .     SeeInvis .   a - +1 quarterstaff
rCold    . . .     Gourm    .   (shield currently unavailable)
rNeg     . . .     Faith    .   M - +0 plate armour
rPois    .         Spirit   .   c - +0 helmet
rElec    .         Reflect  .   Q - +2 cloak
rCorr    +         Harm     .   q - +2 pair of gloves
MR       .....                  K - +0 pair of boots
Stlth    +.........             e - amulet of regeneration
HPRegen  0.64/turn              U - ring of resist corrosion
MPRegen  0.17/turn              E - ring "Fiytan" {Str+4 Int-3 Dex+2}

@: lethally poisoned (-9 -> -18), heroism
A: distributed training, fangs 1, strong nose
a: Heroism, Finesse, Renounce Religion


You were on level 2 of the Lair of Beasts.
You worshipped Okawaru.
Okawaru was extremely pleased with you.
You were not hungry.

You visited 2 branches of the dungeon, and saw 12 of its levels.

You collected 745 gold pieces.

Inventory:

Hand Weapons
 a - a +1 quarterstaff (weapon)
 b - a +0 hunting sling
 A - a +0 blowgun
Missiles
 d - 5 throwing nets {=f}
 t - 30 poisoned needles
 v - 49 sling bullets
 N - 2 tomahawks (quivered)
Armour
 c - a +0 helmet (worn)
 q - a +2 pair of gloves (worn)
 K - a +0 pair of boots (worn)
 M - a +0 plate armour (worn)
 Q - a +2 cloak (worn)
Jewellery
 e - an amulet of regeneration (around neck)
 E - the ring "Fiytan" (right hand) {Str+4 Int-3 Dex+2}
   (You found it on level 6 of the Dungeon)

   [ring of intelligence]

   It affects your strength (+4).
   It affects your intelligence (-3).
   It affects your dexterity (+2).
 U - a ring of resist corrosion (left hand)
Wands
 g - a wand of digging (14)
 B - a wand of iceblast (10)
 L - a wand of scattershot (4)
 O - a wand of enslavement (10)
Scrolls
 m - 3 scrolls of enchant armour
 u - a scroll of remove curse
 w - a scroll of blinking
 x - 10 scrolls of teleportation
 y - 4 scrolls of magic mapping
 C - 3 scrolls of fog
Potions
 h - 3 potions of flight
 i - 2 potions of haste
 p - 3 potions of agility
 r - a potion of invisibility
 s - 3 potions of berserk rage
 F - 2 potions of curing
 G - 4 potions of heal wounds
Comestibles
 f - 9 bread rations
 j - a chunk of flesh
 k - 7 fruits
 o - 9 royal jellies
 z - 4 meat rations


   Skills:
 + Level 8.1(13.1) Fighting
 + Level 6.5(11.5) Short Blades
 + Level 6.5(11.5) Long Blades
 + Level 6.5(11.5) Axes
 + Level 6.5(11.5) Maces & Flails
 + Level 6.5(11.5) Polearms
 + Level 9.3(14.3) Staves
 + Level 6.5(11.5) Slings
 + Level 6.5(11.5) Bows
 + Level 6.5(11.5) Crossbows
 + Level 8.1(13.1) Throwing
 + Level 6.5(11.5) Armour
 + Level 9.3(14.3) Dodging
 + Level 6.5(11.5) Stealth
 + Level 6.5(11.5) Shields
 + Level 6.5(11.5) Unarmed Combat
 + Level 6.5 Spellcasting
 + Level 5.4 Conjurations
 + Level 5.4 Hexes
 + Level 5.4 Charms
 + Level 5.4 Summonings
 + Level 5.4 Necromancy
 + Level 5.4 Translocations
 + Level 5.4 Transmutations
 + Level 5.4 Fire Magic
 + Level 5.4 Ice Magic
 + Level 5.4 Air Magic
 + Level 5.4 Earth Magic
 + Level 5.4 Poison Magic
 + Level 7.2 Invocations
 + Level 6.5 Evocations


You had 23 spell levels left.
You didn't know any spells.

Dungeon Overview and Level Annotations

Branches:
Dungeon (10/15)            Temple (0/1) D:7            Lair (2/6) D:9
  Swamp: Lair:2-4    Shoals: Lair:2-4     Snake: Lair:2-4    Spider: Lair:2-4
    Orc: D:9-12

Altars:
Ashenzari
Cheibriados
Dithmenos
Fedhas
Gozag
Nemelex Xobeh
Okawaru
Ru
Sif Muna
Trog
Yredelemnul
Zin
The Shining One

Annotations:
D:5 1 runed door, exclusion: door


Innate Abilities, Weirdness & Mutations

Your experience applies equally to all skills.
You have very sharp teeth.
Your uncanny sense of smell can sniff out nearby items.


Message History

The water moccasin bites you but does no damage.
You hit the water moccasin.
The water moccasin is lightly wounded.
You feel sick. The komodo dragon bites you!
* * * LOW HITPOINT WARNING * * *
The water moccasin bites you but does no damage.
An adder comes into view.
You closely miss the water moccasin.
The water moccasin is lightly wounded.
You feel sick.
The adder hisses angrily.
The komodo dragon barely misses you. The water moccasin barely misses you.
You closely miss the water moccasin.
The water moccasin is lightly wounded.
You feel sick.
You hit the water moccasin. You bite the water moccasin.
The water moccasin is moderately wounded.
You feel sick. The water moccasin barely misses you.
The komodo dragon bites you!!
You die...

...####
#######....#
........<.##
#..........###
...........÷.####
..........#.....###
#P........S.....P.#
####P#S####..P....#
###@†# #####......
#l.P# ##...S ##..#
##. #.# .H ∆ ..S
.... ....


You could see a komodo dragon, a hippogriff, a water moccasin and an adder.

Vanquished Creatures
  A centaur warrior (D:8)
  3 two-headed ogres
  2 black mambas
  2 spiny frogs (Lair:1)
  A komodo dragon (D:9)
  3 trolls
  A hippogriff (Lair:1)
  4 wyverns
  A wraith (D:10)
  3 yaks (D:9)
  2 basilisks
  A steam dragon (D:9)
  3 water moccasins
  5 orc warriors
  A sky beast (D:10)
  2 ice beasts (D:7)
  A black bear (D:10)
  2 phantoms
  8 ogres
  6 centaurs
  3 crocodiles
  6 bullfrogs
  2 big kobolds
  A gnoll sergeant (D:9)
  A scorpion (D:10)
  A wyvern skeleton (D:10)
  12 wights
  A howler monkey (D:10)
  2 crimson imps
  A bullfrog zombie (D:10)
  3 hounds
  3 jellies
  5 orc priests
  14 orc wizards
  12 worker ants
  2 hound skeletons
  A worker ant zombie (D:9)
  14 gnolls
  18 adders
  2 oozes
  6 worms
  2 dart slugs
  5 leopard geckos
  51 orcs
  2 ball pythons
  3 bats
  2 giant cockroaches
  6 goblins
  10 hobgoblins
  9 jackals
  20 kobolds
  3 quokkas
  6 frilled lizards
  A leopard gecko skeleton (D:6)
  7 rats
  A plant (Lair:1)
290 creatures vanquished.

Vanquished Creatures (others)
  A kobold (D:9)
1 creature vanquished.

Grand Total: 291 creatures vanquished

Notes
Turn   | Place    | Note
-------+----------+-------------------------------------------
     0 | D:1      | Roak the Gnoll Gladiator began the quest for the Orb.
     0 | D:1      | Reached XP level 1. HP: 20/20 MP: 1/1
   367 | D:1      | Reached XP level 2. HP: 26/26 MP: 2/2
   804 | D:2      | Reached XP level 3. HP: 31/31 MP: 3/3
   883 | D:2      | Reached skill level 1 in Invocations
   948 | D:2      | Reached skill level 1 in Short Blades
   948 | D:2      | Reached skill level 1 in Long Blades
   948 | D:2      | Reached skill level 1 in Axes
   948 | D:2      | Reached skill level 1 in Maces & Flails
   948 | D:2      | Reached skill level 1 in Polearms
   948 | D:2      | Reached skill level 1 in Slings
   948 | D:2      | Reached skill level 1 in Bows
   948 | D:2      | Reached skill level 1 in Crossbows
   948 | D:2      | Reached skill level 1 in Armour
   948 | D:2      | Reached skill level 1 in Stealth
   948 | D:2      | Reached skill level 1 in Shields
   948 | D:2      | Reached skill level 1 in Unarmed Combat
   948 | D:2      | Reached skill level 1 in Spellcasting
   948 | D:2      | Reached skill level 1 in Evocations
   956 | D:2      | Reached XP level 4. HP: 34/38 MP: 5/5
   992 | D:2      | Reached skill level 1 in Conjurations
   992 | D:2      | Reached skill level 1 in Hexes
   992 | D:2      | Reached skill level 1 in Charms
   992 | D:2      | Reached skill level 1 in Summonings
   992 | D:2      | Reached skill level 1 in Necromancy
   992 | D:2      | Reached skill level 1 in Translocations
   992 | D:2      | Reached skill level 1 in Transmutations
   992 | D:2      | Reached skill level 1 in Fire Magic
   992 | D:2      | Reached skill level 1 in Ice Magic
   992 | D:2      | Reached skill level 1 in Air Magic
   992 | D:2      | Reached skill level 1 in Earth Magic
   992 | D:2      | Reached skill level 1 in Poison Magic
  1001 | D:2      | Reached XP level 5. HP: 36/43 MP: 6/6
  1271 | D:2      | HP: 1/43 [gnoll/whip (3)]
  1689 | D:3      | Reached XP level 6. HP: 50/50 MP: 8/8
  2086 | D:3      | Found a deep blue altar of Sif Muna.
  2215 | D:3      | Found a sparkling altar of Nemelex Xobeh.
  2473 | D:4      | Reached skill level 5 in Fighting
  2473 | D:4      | Reached skill level 5 in Throwing
  2640 | D:4      | Reached XP level 7. HP: 56/56 MP: 10/10
  2658 | D:4      | Found a glowing silver altar of Zin.
  2737 | D:4      | Found an opulent altar of Gozag.
  2997 | D:4      | Found an iron altar of Okawaru.
  3025 | D:4      | Became a worshipper of Warmaster Okawaru
  3145 | D:5      | Entered Level 5 of the Dungeon
  3230 | D:5      | Found a glowing golden altar of the Shining One.
  3446 | D:5      | Found a blossoming altar of Fedhas.
  3446 | D:5      | Found a basalt altar of Yredelemnul.
  3505 | D:5      | Reached XP level 8. HP: 63/63 MP: 12/12
  3669 | D:5      | Reached * piety under Okawaru
  3688 | D:5      | Found a runed door.
  3932 | D:6      | Got a bound turquoise ring
  3933 | D:6      | Identified the cursed ring "Fiytan" {Str+4 Int-3 Dex+2} (You found it on level 6 of the Dungeon)
  4124 | D:6      | Reached ** piety under Okawaru
  4182 | D:6      | Reached XP level 9. HP: 63/69 MP: 14/14
  4914 | D:7      | Found a staircase to the Ecumenical Temple.
  5304 | D:7      | You fall through a shaft for 2 floors!
  5380 | D:9      | Noticed a komodo dragon
  5409 | D:9      | Killed a komodo dragon
  5409 | D:9      | Reached *** piety under Okawaru
  5451 | D:9      | Reached skill level 5 in Invocations
  5542 | D:9      | Reached XP level 10. HP: 48/77 MP: 17/17
  5602 | D:9      | Found a staircase to the Lair.
  5645 | D:9      | Reached **** piety under Okawaru
  5751 | D:9      | Reached skill level 5 in Short Blades
  5751 | D:9      | Reached skill level 5 in Long Blades
  5751 | D:9      | Reached skill level 5 in Axes
  5751 | D:9      | Reached skill level 5 in Maces & Flails
  5751 | D:9      | Reached skill level 5 in Polearms
  5751 | D:9      | Reached skill level 5 in Slings
  5751 | D:9      | Reached skill level 5 in Bows
  5751 | D:9      | Reached skill level 5 in Crossbows
  5751 | D:9      | Reached skill level 5 in Armour
  5751 | D:9      | Reached skill level 5 in Stealth
  5751 | D:9      | Reached skill level 5 in Shields
  5751 | D:9      | Reached skill level 5 in Unarmed Combat
  5751 | D:9      | Reached skill level 5 in Spellcasting
  5751 | D:9      | Reached skill level 5 in Evocations
  6109 | D:9      | Found a snail-covered altar of Cheibriados.
  6143 | D:9      | Found a shadowy altar of Dithmenos.
  6326 | D:8      | Found a shattered altar of Ashenzari.
  6420 | D:8      | Found a bloodstained altar of Trog.
  6421 | D:8      | Found an iron altar of Okawaru.
  6704 | D:8      | Found a sacrificial altar of Ru.
  6724 | D:8      | Found a bloodstained altar of Trog.
  6775 | D:8      | Noticed a two-headed ogre
  6786 | D:8      | Killed a two-headed ogre
  6786 | D:8      | Received a gift from Okawaru
  7182 | D:8      | Noticed a centaur warrior
  7196 | D:8      | Killed a centaur warrior
  7196 | D:8      | Reached ***** piety under Okawaru
  7638 | D:10     | Entered Level 10 of the Dungeon
  7663 | D:10     | Reached XP level 11. HP: 84/84 MP: 19/19
  7679 | D:10     | Noticed a two-headed ogre
  7686 | D:10     | Killed a two-headed ogre
  7870 | D:10     | Noticed a two-headed ogre
  7882 | D:10     | Killed a two-headed ogre
  7882 | D:10     | Reached skill level 5 in Conjurations
  7882 | D:10     | Reached skill level 5 in Hexes
  7882 | D:10     | Reached skill level 5 in Charms
  7882 | D:10     | Reached skill level 5 in Summonings
  7882 | D:10     | Reached skill level 5 in Necromancy
  7882 | D:10     | Reached skill level 5 in Translocations
  7882 | D:10     | Reached skill level 5 in Transmutations
  7882 | D:10     | Reached skill level 5 in Fire Magic
  7882 | D:10     | Reached skill level 5 in Ice Magic
  7882 | D:10     | Reached skill level 5 in Air Magic
  7882 | D:10     | Reached skill level 5 in Earth Magic
  7882 | D:10     | Reached skill level 5 in Poison Magic
  8406 | D:10     | Received a gift from Okawaru
  8411 | D:10     | Got a pair of ichor-stained gloves {god gift}
  8425 | D:10     | Identified the +0 pair of gloves "Fostuig" {+Fly} (Okawaru gifted it to you on level 10 of the Dungeon)
  8626 | Lair:1   | Entered Level 1 of the Lair of Beasts
  9507 | Lair:2   | Mangled by a komodo dragon

Vault maps used:
D:1:      onia_arrival_handbag
D:2:      cheibrodos_helix_gallery
D:3:      nemelex_xobeh_ov_fountains_minmay, led_sif_pool
D:4:      marbit_many_paths, grunt_gozag_statues, minmay_statues_item,
          okawaru_altar_gauntlet_db
D:5:      lemuel_round_altar, gammafunk_temple_overflow_wave, first_bread,
          minmay_misc_feat_rugged, uniq_crazy_yiuf_cottage
D:6:      lightli_minifort
D:7:      minmay_temple_entry_statues_fountains, grunt_ogre_cave,
          hangedman_abyss_or_decor_lesser_grid, minmay_misc_feat_chi
D:8:      grunt_temple_overflow_bloody_war, lemuel_doored_altar,
          evilmike_ruin_ashenzari, basic_altar, minmay_small_thing
D:9:      slow_altar_1, nicolae_dithmenos_through_a_glass_darkly,
          erik_lair_dragon
Lair:1:   serial_bayou_pond_a
Lair:2:   elwin_shoals_entry_rocks, minmay_snake_entry_six_corridors

Skill      XL: |  1  2  3  4  5  6  7  8  9 10 11 |
---------------+----------------------------------+-----
Invocations    | 1 2 3 4 5 6 7 |  7.2
Short Blades   | 1 2 3 4 5 6 |  6.5
Long Blades    | 1 2 3 4 5 6 |  6.5
Axes           | 1 2 3 4 5 6 |  6.5
Maces & Flails | 1 2 3 4 5 6 |  6.5
Polearms       | 1 2 3 4 5 6 |  6.5
Slings         | 1 2 3 4 5 6 |  6.5
Bows           | 1 2 3 4 5 6 |  6.5
Crossbows      | 1 2 3 4 5 6 |  6.5
Armour         | 1 2 3 4 5 6 |  6.5
Stealth        | 1 2 3 4 5 6 |  6.5
Shields        | 1 2 3 4 5 6 |  6.5
Unarmed Combat | 1 2 3 4 5 6 |  6.5
Spellcasting   | 1 2 3 4 5 6 |  6.5
Evocations     | 1 2 3 4 5 6 |  6.5
Conjurations   | 1 2 3 4 5 |  5.4
Hexes          | 1 2 3 4 5 |  5.4
Charms         | 1 2 3 4 5 |  5.4
Summonings     | 1 2 3 4 5 |  5.4
Necromancy     | 1 2 3 4 5 |  5.4
Translocations | 1 2 3 4 5 |  5.4
Transmutations | 1 2 3 4 5 |  5.4
Fire Magic     | 1 2 3 4 5 |  5.4
Ice Magic      | 1 2 3 4 5 |  5.4
Air Magic      | 1 2 3 4 5 |  5.4
Earth Magic    | 1 2 3 4 5 |  5.4
Poison Magic   | 1 2 3 4 5 |  5.4
Fighting       | 5 6 7 8 |  8.1
Throwing       | 5 6 7 8 |  8.1
Staves         | 7 8 9 |  9.3
Dodging        | 7 8 9 |  9.3

Action                   |  1- 3 |  4- 6 |  7- 9 | 10-12 || total
-------------------------+-------+-------+-------+-------++-------
Melee: Quarterstaff      |    74 |   147 |   393 |   492 ||  1106
       Bite              |     5 |    14 |    58 |    83 ||   160
 Fire: Hunting sling     |       |    21 |     3 |     9 ||    33
Throw: Tomahawk          |       |    17 |    39 |    45 ||   101
Invok: Heroism           |       |       |     4 |     6 ||    10
  Use: Scroll            |       |     8 |     8 |     9 ||    25
 Stab: Sleeping          |     3 |     3 |     1 |       ||     7
  Eat: Chunk             |       |     6 |     9 |    13 ||    28
Armor: Leather armour    |     8 |    28 |       |       ||    36
       Scale mail        |       |     2 |   101 |    24 ||   127
       Plate armour      |       |       |       |   135 ||   135
Dodge: Dodged            |    43 |    81 |   219 |   251 ||   594

Table legend:
 A = Spawn XP
 B = Non-spawn XP
 C = Spawn XP percentage of total XP
 D = Spawn monster count
 E = Non-spawn monster count
 F = Spawn count percentage of total count
 G = Total turns spent on level
                    A         B        C        D         E        F      G
               +---------+---------+-------+---------+---------+-------+---------
         Total |       0 |   16958 |   0.0 |       0 |     289 |   0.0 |  9507
               +---------+---------+-------+---------+---------+-------+---------
           D:1 |       0 |      27 |   0.0 |       0 |      15 |   0.0 |   789
           D:2 |       0 |     251 |   0.0 |       0 |      40 |   0.0 |   888
           D:3 |       0 |     138 |   0.0 |       0 |      27 |   0.0 |   692
           D:4 |       0 |     541 |   0.0 |       0 |      23 |   0.0 |   776
           D:5 |       0 |     516 |   0.0 |       0 |      16 |   0.0 |   693
           D:6 |       0 |    1163 |   0.0 |       0 |      32 |   0.0 |   935
           D:7 |       0 |     832 |   0.0 |       0 |      14 |   0.0 |   759
           D:8 |       0 |    2828 |   0.0 |       0 |      21 |   0.0 |  1091
           D:9 |       0 |    2788 |   0.0 |       0 |      45 |   0.0 |  1085
          D:10 |       0 |    4500 |   0.0 |       0 |      40 |   0.0 |   918
        Lair:1 |       0 |    2490 |   0.0 |       0 |      11 |   0.0 |   834
        Lair:2 |       0 |     884 |   0.0 |       0 |       5 |   0.0 |    47
               +---------+---------+-------+---------+---------+-------+---------
